 Dungeon Crawl Stone Soup version 0.19-a0-49-gb8736b8 (webtiles) character file.

709 M4edhros the Martial Artist (level 7, -2/41 HPs)
             Began as an Octopode Necromancer on May 6, 2016.
             Was an Initiate of Cheibriados.
             Slain by an orc (4 damage)
             ... on level 7 of the Dungeon.
             The game lasted 00:07:02 (1307 turns).

M4edhros the Martial Artist (Octopode Necromancer)  Turns: 1307, Time: 00:07:02

Health: -2/41      AC:  1    Str:  8    XL:     7   Next: 68%
Magic:  10/10      EV: 18    Int: 19    God:    Cheibriados [......]
Gold:   95         SH:  0    Dex: 20    Spells: 3 memorised, 5 levels left

rFire  . . .     SeeInvis .       - Unarmed
rCold  . . .     Gourm    .     (no shield)
rNeg   . . .     Faith    .     (helmet restricted)
rPois  .         Spirit   .     (no amulet)
rElec  .         Dismiss  .     c - ring of loudness (curse)
rCorr  .         Reflect  .     (no ring)
SustAt .         Harm     .     (no ring)
MR     .....                    (no ring)
Stlth  ++++......               (no ring)
                                (no ring)
                                (no ring)
                                (no ring)

@: agile, flying, very slow, not resistant to hostile enchantments, stealthy
A: almost no armour, amphibious, 8 rings, constrict 8, camouflage 1, gelatinous
body 1
a: Bend Time, Renounce Religion


You were on level 7 of the Dungeon.
You worshipped Cheibriados.
Cheibriados was noncommittal.
You were hungry.

You visited 1 branch of the dungeon, and saw 7 of its levels.
You also visited: Sewer.

You collected 95 gold pieces.

Inventory:

Hand Weapons
 i - a +0 war axe of venom
Jewellery
 c - a cursed ring of loudness (left tentacle)
Scrolls
 e - 6 scrolls of identify {unknown}
 f - 3 scrolls of remove curse {unknown}
 g - a scroll of noise {unknown}
 h - a scroll of fear {unknown}
 k - 5 scrolls of teleportation {unknown}
 m - a scroll of immolation {unknown}
 q - a scroll of blinking {unknown}
Potions
 n - a potion of flight
 r - 2 potions of agility
 s - 3 potions of heal wounds {unknown}
Books
 a - a book of Necromancy

   Spells                             Type                      Level
   a - Pain                           Necromancy                   1
   b - Animate Skeleton               Necromancy                   1
   c - Vampiric Draining              Necromancy                   3
   d - Regeneration                   Charms/Necromancy            3
   e - Animate Dead                   Necromancy                   4
   f - Control Undead                 Necromancy                   4
Comestibles
 b - a bread ration
 d - a slice of pizza
 j - a meat ration
 l - 2 beef jerkies
 o - 3 fruits
 v - a royal jelly


   Skills:
 - Level 2.0 Dodging
 - Level 2.6 Stealth
 + Level 8.1 Unarmed Combat
 - Level 2.0 Spellcasting
 - Level 4.0 Necromancy


You had 5 spell levels left.
You knew the following spells:

 Your Spells              Type           Power        Failure   Level  Hunger
a - Pain                  Necr           ###.         3%          1    #......
b - Animate Skeleton      Necr           N/A          3%          1    #......
r - Regeneration          Chrm/Necr      #.........   21%         3    ###....


Dungeon Overview and Level Annotations

Branches:
Dungeon (7/15)
 Temple: D:4-7

Altars:
Cheibriados
Gozag
Yredelemnul
Zin


Innate Abilities, Weirdness & Mutations

You cannot wear most types of armour.
You are amphibious.
You can wear up to eight rings at the same time.
You can use your tentacles to constrict eight enemies at once.
Your skin changes colour to match your surroundings (Stealth).
Your rubbery body absorbs attacks (AC +1).


Message History

You constrict the quokka.
You kill the quokka!
Cheibriados appreciates the change of pace.
You constrict the shadow imp. The orc misses you.
The shadow imp closely misses you.
The giant gecko zombie closely misses you.
Unknown command.
Unknown command.
You tentacle-slap the shadow imp.
You kill the shadow imp!
Cheibriados appreciates the change of pace.
The orc completely misses you.
Unknown command.
Unknown command.
You tentacle-slap the orc. You grab the orc.
The orc is heavily wounded.
You constrict the orc.
The giant gecko zombie completely misses you.
The orc hits you.
You die...

## .# #.. .#
#.########.#
########.#......<.#
#.....##.#.#....>.#
+.....##.#.#...##.#
#.....##.#.#....#.#
######)o...##...........
......)@......#.#...[#..
......#Z#########.#.....
.<... #5. .......# ....
.... .#....... ...
#..... ..####.### ..
#...... . .. . #.......
#. #........


You could see a crimson imp, an orc and a giant gecko zombie.

Vanquished Creatures
  A centaur (D:6)
  A giant frog (D:6)
  3 big kobolds (Sewer)
  3 orc wizards
  4 orc priests
  A worker ant (D:6)
  6 adders
  A river rat (D:4)
  A shadow imp (D:7)
  An ooze (D:4)
  9 orcs
  6 ball pythons
  5 giant cockroaches
  3 goblins
  A hobgoblin (D:2)
  3 jackals (D:1)
  A quokka (D:7)
  3 bats
  A giant newt (D:2)
  12 kobolds
  8 rats
  A fungus (Sewer)
75 creatures vanquished.

Vanquished Creatures (collateral kills)
  An ooze (Sewer)
  A jackal (D:1)
  A giant newt (D:1)
  A kobold (Sewer)
4 creatures vanquished.

Grand Total: 79 creatures vanquished

Notes
Turn   | Place    | Note
--------------------------------------------------------------
     0 | D:1      | M4edhros the Octopode Necromancer began the quest for the Orb.
     0 | D:1      | Reached XP level 1. HP: 11/11 MP: 3/3
    39 | D:1      | Learned a level 1 spell: Animate Skeleton
    59 | D:1      | Reached skill level 1 in Unarmed Combat
   277 | D:1      | Reached XP level 2. HP: 17/17 MP: 5/5
   347 | D:2      | Reached skill level 2 in Unarmed Combat
   359 | D:2      | Reached XP level 3. HP: 17/21 MP: 6/6
   397 | D:2      | Learned a level 3 spell: Regeneration
   447 | D:2      | Reached skill level 3 in Unarmed Combat
   545 | D:3      | Reached XP level 4. HP: 17/27 MP: 2/7
   681 | D:4      | Reached skill level 4 in Unarmed Combat
   726 | D:4      | Found a glowing drain.
   730 | D:4      | Reached XP level 5. HP: 11/31 MP: 8/8
   740 | Sewer    | Entered a sewer
   762 | Sewer    | Noticed a big kobold
   788 | Sewer    | Killed a big kobold
   788 | Sewer    | Reached skill level 5 in Unarmed Combat
   895 | Sewer    | Noticed a big kobold
   899 | Sewer    | Killed a big kobold
   899 | Sewer    | Reached XP level 6. HP: 17/36 MP: 9/9
   982 | Sewer    | Reached skill level 6 in Unarmed Combat
  1113 | D:5      | Entered Level 5 of the Dungeon
  1180 | D:6      | Found an opulent altar of Gozag.
  1180 | D:6      | Found a glowing silver altar of Zin.
  1214 | D:6      | Reached skill level 7 in Unarmed Combat
  1214 | D:6      | Reached XP level 7. HP: 26/41 MP: 6/10
  1222 | D:6      | Found a snail-covered altar of Cheibriados.
  1230 | D:6      | Became a worshipper of Cheibriados the Contemplative
  1247 | D:6      | Found a basalt altar of Yredelemnul.
  1298 | D:7      | Reached skill level 8 in Unarmed Combat
  1302 | D:7      | HP: 1/41 [quokka (3)]
  1307 | D:7      | Slain by an orc

Vault maps used:
D:1:      lemuel_arrival_broad_hall
D:2:      first_bread, nicolae_underground_beach
D:4:      serial_shops, shop, portal_sewer_entry_e, okawaru_altar_gauntlet_db
D:5:      minmay_opposing_rooms, minmay_temple_entry_statues_fountains,
          hangedman_decor_push
D:6:      grunt_temple_overflow_gold_and_silver,
          grunt_temple_overflow_bloody_war, nicolae_overflow_crystal_walls,
          grunt_dithmenos_smoke, serial_shops, shop, grunt_decor_mini_mirrors,
          kb_lookout_dungeons_type, yredelemnul_altar_generic
D:7:      grunt_livestock
Sewer:    kennysheep_pipe_town

Skill      XL: |  1  2  3  4  5  6  7 |
---------------+----------------------+-----
Unarmed Combat | 1 2 3 4 5 7 8 |  8.1
Dodging        | |  2.0
Stealth        | |  2.6
Spellcasting   | |  2.0
Necromancy     | |  4.0

Action                   |  1- 3 |  4- 6 |  7- 9 || total
-------------------------+-------+-------+-------++-------
Melee: Unarmed           |    55 |    51 |    20 ||   126
       Constrict         |    10 |    20 |     7 ||    37
       Tentacles         |     6 |    13 |     4 ||    23
       War axe           |       |    53 |       ||    53
       Punch             |       |     6 |     2 ||     8
 Cast: Animate Skeleton  |     4 |     6 |       ||    10
       Pain              |    11 |     3 |       ||    14
       Regeneration      |     1 |    12 |     1 ||    14
  Use: Potion            |     2 |     1 |     7 ||    10
 Stab: Sleeping          |       |     6 |     1 ||     7
  Eat: Chunk             |       |     3 |     1 ||     4
Armor: Skin              |    24 |    16 |     1 ||    41
Dodge: Dodged            |    21 |    55 |    27 ||   103
